AoeStats
← ALG1S

Arena

510578947Analyzed
2v2 RM · 21h ago on Oct 1, 2026· 38m 2s· 4 players
Game mode
Random Map
Map size
Medium (4 player)
Population
200
Speed
Normal
Resources
Standard
Victory
Conquest
Starting age
Dark Age
Ending age
Imperial Age
RankedLock teamsTeams togetherTeam positionsShared explorationLock speedFull tech treeHidden civsTurbo modeCheats
Victory
Defeat
🇵🇱 Varangians · Poland
1245
+17
🇵🇱 Malians · Poland
1208
+18
🇫🇷 Mongols · France
1276
-18
🇩🇪 Danes · Germany
1241
-17
Hamidouche
9:40 Feudal Age
13:51 Castle Age
12:18 Double-Bit Axe
12:35 Horse Collar
14:09 Loom
25:12 Fletching
29:44 Imperial Age
27:12 Bodkin Arrow
28:06 Bow Saw
29:38 Heavy Plow
29:57 Padded Archer Armor
30:48 Bracer
32:59 Wheelbarrow
33:17 Leather Archer Armor
35:40 Chemistry
34:51 Thumb Ring
Bartos
10:11 Feudal Age
14:22 Castle Age
12:25 Double-Bit Axe
13:18 Scale Mail Armor
13:04 Horse Collar
14:22 Forging
16:36 Squires
16:29 Gambesons
19:29 Bow Saw
19:57 Loom
20:10 Arson
22:53 Stone Mining
23:45 Scale Mail Armor
26:34 Iron Casting
30:42 Chain Mail Armor
30:20 Fletching
30:36 Elite Skirmisher
31:14 Bodkin Arrow
31:20 Padded Archer Armor
32:13 Wheelbarrow
34:06 Ballistics
37:42 Leather Archer Armor
37:15 Town Watch
ALG1S
10:57 Feudal Age
11:41 Double-Bit Axe
11:37 Horse Collar
14:36 Castle Age
15:31 Loom
16:26 Bow Saw
20:25 Fletching
23:42 Bodkin Arrow
28:59 Imperial Age
27:57 Scale Barding Armor
28:02 Forging
29:34 Bloodlines
29:24 Husbandry
29:46 Chain Barding Armor
30:40 Conscription
31:53 Siege Engineers
34:33 Iron Casting
36:03 Chain Barding Armor
35:40 Gold Mining
kswistek
11:11 Feudal Age
16:22 Castle Age
17:38 Scale Mail Armor
18:59 Chain Mail Armor
19:13 Double-Bit Axe
25:32 Forging
34:30 Iron Casting
Connection lost

Rejoining the realm…

Still unreachable

The connection could not be restored.

Session expired

The server has moved on; the page needs a fresh start.